Map: Post-Youth LE

Players

Frogcute - Winner!

  • Race: Zerg Zerg
  • League: Diamond
  • Spawn Location: 7:00

crazycorn

  • Race: Protoss Protoss
  • League: Diamond
  • Spawn Location: 1:00

VOD

Have the link to the VOD?

Description

Time

  • Played on: Oct. 1, 2024, 6:05 a.m.
  • Length: 7:55
Show
View Real Time Build Order
Export as new Build Order

Frogcute Zerg - Winner!

Build Orders: Hatch First 

Get SALT Encoding   

  12  0:00  Drone  
  13  0:12  Overlord  
  13  0:17  Drone  
  14  0:30  Drone x2  
  16  0:52  Hatchery  
  16  0:53  Drone  
  16  1:09  Spawning Pool  
  15  1:13  Drone  
  15  1:16  Extractor  
  15  1:17  Drone  
  16  1:21  Drone  
  17  1:26  Drone  
  18  1:38  Drone  
  19  1:47  Drone  
  20  2:01  Queen  
  22  2:02  Overlord  
  22  2:04  Queen  
  22  2:06  Zergling x2  
  25  2:14  Drone  
  26  2:16  Drone  
  26  2:17  Drone  
  26  2:22  Metabolic Boost  
  28  2:26  Drone  
  29  2:31  Drone  
  30  2:38  Drone  
  30  2:39  Drone  
  32  2:46  Overlord  
  32  3:00  Drone x2  
  32  3:01  Drone  
  32  3:04  Hatchery  
  34  3:08  Drone  
  34  3:09  Queen  
  34  3:11  Drone  
  38  3:18  Drone  
  39  3:20  Overlord  
  39  3:26  Drone  
  40  3:27  Drone  
  40  3:28  Drone x3  
  44  3:38  Drone x2  
  46  3:45  Lair  
  46  3:48  Extractor  
  45  3:50  Drone x4  
  45  3:51  Extractor, Drone x2  
  50  3:58  Roach Warren, Evolution Chamber  
  50  4:02  Spore Crawler  
  47  4:04  Spore Crawler  
  47  4:09  Overlord x2  
  46  4:20  Drone  
  46  4:21  Drone x4  
  51  4:26  Drone x3  
  54  4:36  Drone x5  
  54  4:37  Drone  
  60  4:41  Queen  
  60  4:43  Drone  
  63  4:47  Glial Reconstitution  
  63  4:48  Zerg Missile Weapons Level 1  
  63  4:54  Spore Crawler, Drone x2  
  63  4:55  Roach  
  66  5:00  Roach  
  66  5:01  Roach  
  66  5:02  Roach x2  
  66  5:04  Overlord x3  
  74  5:10  Overlord  
  74  5:16  Overlord x2  
  74  5:24  Roach x6  
  86  5:30  Roach x3  
  86  5:32  Roach x3  
  86  5:34  Roach x2  
  102  5:42  Drone  
  103  5:43  Roach  
  103  5:44  Overlord x3  
  103  5:46  Roach  
  103  5:49  Extractor  
  106  5:54  Roach  
  106  5:56  Roach  
  106  5:57  Roach  
  106  6:01  Roach  
  106  6:02  Roach x3  
  106  6:03  Zergling x4  
  107  6:05  Queen  
  109  6:12  Roach x4  
  109  6:16  Overlord  
  109  6:17  Roach  
  119  6:22  Roach x2  
  123  6:30  Drone  
  123  6:31  Roach x3  
  122  6:41  Roach x5  
  122  6:45  Zergling x12  
  138  6:52  Roach  
  140  6:57  Roach x2  
  144  7:06  Roach x3  
  151  7:08  Roach  
  151  7:09  Roach  
  151  7:10  Overlord  
  150  7:16  Roach  
  150  7:17  Roach  
  150  7:19  Roach x2  
  150  7:21  Roach x2  
  152  7:23  Roach  
  152  7:30  Roach  
  152  7:31  Roach x4  
Show
View Real Time Build Order
Export as new Build Order

crazycorn Protoss 

Build Orders: 1 Gate Expand 

Get SALT Encoding   

  12  0:00  Probe  
  13  0:12  Probe  
  14  0:18  Pylon  
  14  0:24  Probe (Chrono Boost)  
  15  0:37  Probe (Chrono Boost)  
  15  0:41  Gateway  
  16  0:45  Probe (Chrono Boost)  
  16  0:47  Assimilator  
  17  0:51  Probe  
  18  1:03  Probe  
  19  1:15  Probe  
  20  1:24  Nexus  
  20  1:36  Cybernetics Core  
  20  1:43  Pylon  
  20  1:46  Probe  
  21  1:53  Assimilator  
  21  1:58  Probe  
  22  2:10  Probe  
  22  2:14  Stalker  
  25  2:16  Warp Gate  
  25  2:22  Probe  
  26  2:26  Forge  
  26  2:33  Pylon  
  26  2:34  Probe  
  26  2:36  Probe  
  28  2:47  Probe  
  28  2:48  Probe  
  30  2:54  Zealot  
  30  2:57  Protoss Ground Weapons Level 1 (Chrono Boost)  
  32  2:59  Probe  
  32  3:00  Probe  
  32  3:02  Twilight Council  
  34  3:11  Probe  
  34  3:12  Probe  
  36  3:19  Charge  
  36  3:23  Probe  
  36  3:26  Gateway  
  37  3:33  Gateway  
  37  3:36  Probe x2  
  37  3:39  Pylon  
  39  3:47  Pylon  
  39  3:55  Gateway  
  39  3:56  Probe  
  39  3:57  Gateway, Probe  
  41  4:04  Assimilator  
  41  4:08  Probe  
  42  4:12  Zealot  
  44  4:26  Zealot  
  44  4:27  Zealot  
  44  4:28  Pylon  
  48  4:35  Nexus  
  48  4:43  Zealot  
  50  4:49  Gateway  
  50  4:53  Probe x2  
  50  4:54  Gateway  
  50  4:55  Zealot  
  50  4:56  Zealot x3  
  60  5:02  Pylon  
  60  5:03  Protoss Ground Weapons Level 2 (Chrono Boost)  
  60  5:12  Assimilator  
  60  5:16  Probe  
  60  5:17  Probe  
  62  5:21  Pylon  
  62  5:23  Zealot x2  
  62  5:26  Zealot  
  68  5:29  Zealot, Probe  
  71  5:36  Zealot  
  73  5:51  Robotics Facility  
  73  5:52  Zealot x3  
  73  5:56  Robotics Facility  
  79  5:58  Zealot  
  79  6:23  Zealot x4  
  79  6:24  Zealot  
  73  6:44  Immortal  
  73  6:45  Immortal  
  81  6:47  Probe  
  81  6:48  Probe x2  
  84  6:56  Shield Battery  
  84  6:59  Probe  
  84  7:00  Probe x2, Photon Cannon  
  87  7:02  Photon Cannon  
  87  7:06  Shield Battery, Sentry x2  
  91  7:11  Probe  
  91  7:12  Probe x2  
  82  7:17  Zealot x2  
  65  7:23  Probe  
  65  7:24  Probe  
  65  7:49  Zealot x2  
  65  7:50  Zealot  
Tags
 
Add a new tag
Caveats
  • Supply blocks, unpowered buildings, or Contaminate may cause inaccurate times.
  • Supply counts are checked every 10 seconds.